 Dungeon Crawl Stone Soup version 0.18-a0-1123-gbd92598 (webtiles) character file.

91 xeno23 the Sneak (level 4, -2/26 HPs)
             Began as a Kobold Wanderer on Jan 19, 2016.
             Killed from afar by an orc wizard (5 damage)
             ... with a magic dart
             ... on level 3 of the Dungeon.
             The game lasted 00:09:44 (2581 turns).

xeno23 the Sneak (Kobold Wanderer)                  Turns: 2581, Time: 00:09:44

Health: -2/26      AC:  4    Str:  8    XL:     4   Next: 88%
Magic:  4/4        EV: 15    Int: 10    God:
Gold:   146        SH:  0    Dex: 18    Spells: 0 memorised, 3 levels left

rFire  . . .     SeeInvis .     a - +2 dagger
rCold  . . .     Gourm    .     u - +0 leather armour
rNeg   . . .     Faith    .     (shield restricted)
rPois  .         Spirit   .     (no helmet)
rElec  .         Dismiss  .     (no cloak)
rCorr  .         Reflect  .     (no gloves)
SustAt .         Harm     .     s - +0 pair of boots
MR     .....                    q - amulet of rage
Stlth  +++.......               (no ring)
                                (no ring)

@: not resistant to hostile enchantments, fairly stealthy
A: carnivore 3
a: Evoke Berserk Rage


You were on level 3 of the Dungeon.
You were full.

You visited 1 branch of the dungeon, and saw 3 of its levels.

You collected 146 gold pieces.

Inventory:

Hand Weapons
 a - a +2 dagger (weapon)
 h - a +0 spear
 p - a +0 hunting sling
Missiles
 i - 17 poisoned needles
 n - 88 stones (quivered)
Armour
 s - a +0 pair of boots (worn)
 u - a +0 leather armour (worn)
Jewellery
 q - an amulet of rage (around neck)
Scrolls
 b - a scroll of blinking
 g - a scroll of remove curse
 k - a scroll of immolation {unknown}
 l - 2 scrolls of identify
 o - a scroll of amnesia {unknown}
 t - a scroll of teleportation {unknown}
Potions
 c - a potion of lignification
 d - 2 potions of curing
 r - a potion of heal wounds
Comestibles
 f - 2 meat rations
 m - 2 slices of pizza


   Skills:
 + Level 1.8 Fighting
 * Level 3.4 Short Blades
   Level 1.7 Axes
   Level 1.0 Staves
 - Level 1.0 Armour
 + Level 2.4 Dodging
 + Level 5.8 Stealth
 + Level 1.2 Evocations


You had 3 spell levels left.
You didn't know any spells.

Dungeon Overview and Level Annotations

Branches:
Dungeon (3/15)

Altars:
Okawaru

Annotations:
D:2 exclusions: adder and 6 more exclusions


Innate Abilities, Weirdness & Mutations

You are small and have problems with some larger weapons.
You are carnivorous and can eat meat at any time.


Message History

The orc priest miscasts a cantrip.
You hit the orc priest.
The orc priest is moderately wounded.
The orc wizard gestures wildly while chanting.
The orc wizard seems to speed up.
The orc priest hits you with a club.
You take 2 damage.
You hit the orc priest but do no damage.
The orc priest is moderately wounded.
The orc wizard closely misses you.
You hit the orc priest.
The orc priest is moderately wounded.
The orc priest hits you but does no damage.
The orc wizard barely misses you.
The orc priest mumbles some strange prayers to Beogh against you.
Something smites you!
* * * LOW HITPOINT WARNING * * *
You take 12 damage.
The orc wizard casts a spell at you. The magic dart hits you!
You die...

.$. ... ### ....
+?. .....#.# .
...#.# .8 ....
.8. #.###.#.8.
#........8
######@###.#..?
#......og.o#
#.......o..#
#..........#
#####..........#
#..............#
#####..........#
...............#
+
####.....รท.....#


You could see an orc priest, an orc wizard, an orc and a goblin.

Vanquished Creatures
  An iguana (D:3)
  A gnoll (D:2)
  A worm (D:2)
  3 orcs
  7 bats
  3 giant cockroaches (D:1)
  3 hobgoblins
  7 kobolds
  2 quokkas (D:2)
  7 giant newts
  9 goblins
  A quokka skeleton (D:1)
  8 rats
53 creatures vanquished.

Notes
Turn   | Place    | Note
--------------------------------------------------------------
     0 | D:1      | xeno23 the Kobold Wanderer began the quest for the Orb.
     0 | D:1      | xeno23 set off with: a +2 dagger, a scroll of blinking, a potion of lignification, a potion of curing, a +0 robe, a meat ration
     0 | D:1      | Reached XP level 1. HP: 12/12 MP: 1/1
    89 | D:1      | Reached skill level 1 in Short Blades
   230 | D:1      | Reached XP level 2. HP: 10/16 MP: 2/2
   724 | D:1      | Reached XP level 3. HP: 20/20 MP: 3/3
  1670 | D:2      | Found an iron altar of Okawaru.
  1703 | D:2      | Reached XP level 4. HP: 8/25 MP: 4/4
  2016 | D:2      | Reached skill level 1 in Evocations
  2581 | D:3      | Killed from afar by an orc wizard

Vault maps used:
D:1:      sevenhm_arrival_forest_fort_large_1, corexii_leaking_fountain,
          minmay_distorted
D:2:      okawaru_altar_gauntlet_db, first_bread, minmay_misc_feat_iff,
          kennysheep_generic_room_8
D:3:      minitemple, ecumenical_altar_2, minmay_goblin_kobold_house

Action                   |  1- 3 |  4- 6 || total
-------------------------+-------+-------++-------
Melee: Dagger            |   111 |    55 ||   166
 Fire: Hunting sling     |       |     3 ||     3
Throw: Stone             |     1 |       ||     1
  Use: Scroll            |       |     2 ||     2
 Stab: Sleeping          |    20 |     1 ||    21
  Eat: Chunk             |     5 |     6 ||    11
